 Dungeon Crawl Stone Soup version 0.24.0-2-g5b39cebb1c (webtiles) character file.

Game seed: 13298467545579134728, levelgen mode: deterministic

15898245 MTVSty1e the Skullcrusher (level 27, 179/179 HPs)
             Began as a Gargoyle Fighter on Oct 28, 2019.
             Was the Champion of the Shining One.
             Escaped with the Orb
             ... and 15 runes on Oct 29, 2019!
             The game lasted 05:10:06 (99042 turns).

MTVSty1e the Skullcrusher (Gargoyle Fighter)       Turns: 99042, Time: 05:10:06

Health: 179/179    AC: 64    Str: 33    XL:     27
Magic:  36/36      EV: 25    Int: 13    God:    the Shining One [******]
Gold:   5131       SH: 30    Dex: 15    Spells: 26/26 levels left

rFire    + + +     SeeInvis +   y - +9 sacred scourge (holy)
rCold    + + +     Gourm    .   r - +1 large shield {reflect}
rNeg     + + +     Faith    .   O - +10 gold dragon scales
rPois    ∞         Spirit   .   Y - +2 hat
rElec    +         Reflect  +   U - +1 cloak {MR+}
rCorr    .         Harm     .   f - +1 pair of gloves
MR       ++++.     Rnd*Rage +   N - +0 pair of boots of Lugonu's Scorn {Dex+4}
Stlth    +.........             E - amulet "Tanot" {MR+ Regen+}
HPRegen  0.79/turn              B - ring "Cugymead" {*Drain +Fly rF+ rC++ Slay+1 SInv}
MPRegen  0.25/turn              u - ring "Buibuwn" {rF+ Str+4 Int+4}

@: glowing
A: big wings, talons 1, repulsion field 1, thin skeletal structure 1, yellow
scales 1, berserk 1, blurry vision 3, deformed body, deterioration 2, dopey 1,
frail 1, low mp 1, negative energy resistance 1, sense surroundings 1, screaming
1, electricity resistance, weak 1, unbreathing, petrification resistance, no
potion heal 1, rot immunity, subdued magic 1, AC +20
0: Orb of Zot
}: 15/15 runes: serpentine, barnacled, slimy, silver, golden, iron, obsidian,
icy, bone, abyssal, demonic, glowing, magical, fiery, dark
a: Fly, Divine Shield, Cleansing Flame, Summon Divine Warrior, Renounce
Religion, Evoke Flight


You escaped.
You worshipped the Shining One.
The Shining One was exalted by your worship.
You were completely stuffed.

You visited 17 branches of the dungeon, and saw 88 of its levels.
You visited Pandemonium 1 time, and saw 25 of its levels.
You visited the Abyss 1 time.
You visited 1 ziggurat, and saw 14 of its levels.
You also visited: Trove, Bailey and Ice Cave.

You collected 14146 gold pieces.
You spent 9015 gold pieces at shops.

Inventory:

Hand Weapons
 y - a +9 sacred scourge of holy wrath (weapon)
Armour
 f - a +1 pair of gloves (worn)
 r - a +1 large shield of reflection (worn)
 F - the +1 helmet of Quantum Leap {rC+ MR+ Str-5 Slay+2}
   (You acquired it on level 5 of a ziggurat)

   It affects your strength (-5).
   It affects your accuracy and damage with ranged weapons and melee attacks
   (+2).
   It protects you from cold.
   It affects your resistance to hostile enchantments.
 L - the +1 cloak of Starlight {rElec rC+ EV+4 Stlth--}
   (You bought it in a shop on level 2 of the Orcish Mines)

   It affects your evasion (+4).
   It protects you from cold.
   It insulates you from electricity.
   It makes you much less stealthy.
 N - the +0 pair of boots of Lugonu's Scorn (worn) {Dex+4}
   (You found it on level 3 of the Elven Halls)

   It affects your dexterity (+4).
 O - +10 gold dragon scales (worn)
 U - a +1 cloak of magic resistance (worn)
 Y - a +2 hat (worn)
Jewellery
 a - the ring of Music {rC+ MP+9 Slay+2}
   (You found it on level 10 of a ziggurat)

   [ring of magical power]

   It affects your accuracy and damage with ranged weapons and melee attacks
   (+2).
   It protects you from cold.
   It affects your magic capacity (+9).
 n - the ring of Jiafotow {rF++ rC+}
   (You found it on level 6 of a ziggurat)

   [ring of protection from cold]

   It greatly protects you from fire.
   It protects you from cold.
 u - the ring "Buibuwn" (right hand) {rF+ Str+4 Int+4}
   (You found it on level 7 of Cocytus)

   [ring of strength]

   It affects your strength (+4).
   It affects your intelligence (+4).
   It protects you from fire.
 B - the ring "Cugymead" (left hand) {*Drain +Fly rF+ rC++ Slay+1 SInv}
   (You bought it in a shop on level 6 of the Dungeon)

   [ring of slaying]

   It affects your accuracy and damage with ranged weapons and melee attacks
   (+1).
   It protects you from fire.
   It greatly protects you from cold.
   It lets you see invisible.
   It lets you fly.
   It causes draining when unequipped.
 D - an uncursed ring of stealth
 E - the amulet "Tanot" (around neck) {MR+ Regen+}
   (You took it off a deep elf master archer on level 3 of the Elven Halls)

   [amulet of regeneration]

   It affects your resistance to hostile enchantments.
   It increases your rate of regeneration.
 X - the ring of Untruth {rElec rCorr Str+2}
   (You found it on level 5 of the Pits of Slime)

   [ring of resist corrosion]

   It affects your strength (+2).
   It insulates you from electricity.
   It provides partial protection from all sources of acid and corrosion.
Wands
 k - a wand of disintegration (75)
 l - a wand of polymorph (26)
 v - a wand of iceblast (77)
 x - a wand of digging (11)
 z - a wand of flame (32)
 P - a wand of paralysis (26)
Scrolls
 e - 36 scrolls of remove curse
 g - 16 scrolls of teleportation
 h - 29 scrolls of identify
 i - 10 scrolls of fog
 j - 14 scrolls of amnesia
 o - 6 scrolls of silence
 q - a scroll of blinking
 s - 2 scrolls of summoning
 I - 10 scrolls of fear
 Q - 2 scrolls of brand weapon
 W - 13 scrolls of enchant weapon
 Z - 3 scrolls of holy word
Potions
 b - 6 potions of agility
 c - 6 potions of heal wounds
 d - 5 potions of resistance
 m - 6 potions of berserk rage
 t - 11 potions of brilliance
 C - 3 potions of cancellation
 J - 7 potions of ambrosia
 K - 2 potions of magic
 M - a potion of might
 S - 24 potions of curing
Comestibles
 w - 13 rations


   Skills:
 O Level 27 Fighting
 O Level 27 Maces & Flails
 O Level 27 Armour
 O Level 27 Dodging
 + Level 20.4 Stealth
 O Level 27 Shields
 O Level 27 Invocations
 + Level 16.4 Evocations


You had 26 spell levels left.
You didn't know any spells.
Your spell library contained the following spells:

 Spells                   Type           Power        Failure   Level  Hunger
 Animate Skeleton         Necr           N/A          77%         1    ##.....
 Apportation              Tloc           #.....       77%         1    ##.....
 Beastly Appendage        Tmut           #.....       77%         1    ##.....
 Confusing Touch          Hex            #.....       77%         1    ##.....
 Corona                   Hex            #......      77%         1    ##.....
 Flame Tongue             Conj/Fire      #....        77%         1    ##.....
 Freeze                   Ice            #...         77%         1    ##.....
 Infusion                 Chrm           #...         77%         1    ##.....
 Magic Dart               Conj           #...         77%         1    ##.....
 Pain                     Necr           #...         77%         1    ##.....
 Sandblast                Erth           #.....       77%         1    ##.....
 Shock                    Conj/Air       #...         77%         1    ##.....
 Sting                    Conj/Pois      #...         77%         1    ##.....
 Summon Butterflies       Summ           #.......     77%         1    ##.....
 Summon Small Mammal      Summ           #...         77%         1    ##.....
 Blink                    Tloc           N/A          89%         2    ###....
 Call Imp                 Summ           #.......     89%         2    ###....
 Ensorcelled Hibernation  Hex/Ice        #.....       89%         2    ###....
 Passwall                 Tmut/Erth      #.......     89%         2    ###....
 Poisonous Vapours        Pois/Air       #.....       89%         2    ###....
 Searing Ray              Conj           #.....       89%         2    ###....
 Shroud of Golubria       Chrm/Tloc      #.....       89%         2    ###....
 Slow                     Hex            #.......     89%         2    ###....
 Song of Slaying          Chrm           #.......     89%         2    ###....
 Sticks to Snakes         Tmut           #.......     89%         2    ###....
 Swiftness                Chrm/Air       #.......     89%         2    ###....
 Throw Flame              Conj/Fire      #.....       89%         2    ###....
 Throw Frost              Conj/Ice       #.....       89%         2    ###....
 Call Canine Familiar     Summ           #.......     98%         3    ####...
 Confuse                  Hex            #.......     98%         3    ####...
 Conjure Flame            Conj/Fire      #.......     98%         3    ####...
 Dazzling Spray           Conj/Hex       #.....       98%         3    ####...
 Gell's Gravitas          Tloc           #.........   98%         3    ####...
 Ignite Poison            Fire/Tmut/Pois #.......     98%         3    ####...
 Inner Flame              Hex/Fire       #.......     98%         3    ####...
 Lesser Beckoning         Tloc           #.........   98%         3    ####...
 Mephitic Cloud           Conj/Pois/Air  #.......     98%         3    ####...
 Ozocubu's Armour         Chrm/Ice       #.......     98%         3    ####...
 Portal Projectile        Hex/Tloc       #.....       98%         3    ####...
 Recall                   Summ/Tloc      N/A          98%         3    ####...
 Regeneration             Chrm/Necr      #.........   98%         3    ####...
 Spectral Weapon          Hex/Chrm       #.......     98%         3    ####...
 Spider Form              Tmut/Pois      #.........   98%         3    ####...
 Static Discharge         Conj/Air       #.......     98%         3    ####...
 Stone Arrow              Conj/Erth      #.....       98%         3    ####...
 Summon Guardian Golem    Hex/Summ       #.......     98%         3    ####...
 Teleport Other           Tloc           #.......     98%         3    ####...
 Tukima's Dance           Hex            #.......     98%         3    ####...
 Vampiric Draining        Necr           #.........   98%         3    ####...
 Animate Dead             Necr           N/A          100%        4    #####..
 Cause Fear               Hex            #.........   100%        4    #####..
 Force Lance              Conj/Tloc      #.......     100%        4    #####..
 Fulminant Prism          Conj/Hex       #.........   100%        4    #####..
 Ice Form                 Ice/Tmut       #.......     100%        4    #####..
 Iskenderun's Mystic Bla  Conj           #.......     100%        4    #####..
 Leda's Liquefaction      Hex/Erth       #.........   100%        4    #####..
 Olgreb's Toxic Radiance  Pois           #.......     100%        4    #####..
 Petrify                  Tmut/Erth      #.......     100%        4    #####..
 Sticky Flame             Conj/Fire      #.......     100%        4    #####..
 Summon Ice Beast         Ice/Summ       #.......     100%        4    #####..
 Summon Lightning Spire   Summ/Air       #.......     100%        4    #####..
 Throw Icicle             Conj/Ice       #.......     100%        4    #####..
 Agony                    Necr           #.......     100%        5    ######.
 Alistair's Intoxication  Tmut/Pois      #.......     100%        5    ######.
 Blade Hands              Tmut           #.........   100%        5    ######.
 Bolt of Magma            Conj/Fire/Erth #.........   100%        5    ######.
 Borgnjor's Vile Clutch   Necr/Erth      #.........   100%        5    ######.
 Dispel Undead            Necr           #.......     100%        5    ######.
 Excruciating Wounds      Chrm/Necr      #.........   100%        5    ######.
 Fireball                 Conj/Fire      #.........   100%        5    ######.
 Irradiate                Conj/Tmut      #.........   100%        5    ######.
 Iskenderun's Battlesphe  Conj/Chrm      #.......     100%        5    ######.
 Lee's Rapid Deconstruct  Erth           #.........   100%        5    ######.
 Lightning Bolt           Conj/Air       #.........   100%        5    ######.
 Metabolic Englaciation   Hex/Ice        #.........   100%        5    ######.
 Silence                  Hex/Air        #.........   100%        5    ######.
 Summon Forest            Summ/Tloc      #.........   100%        5    ######.
 Summon Mana Viper        Hex/Summ       #.......     100%        5    ######.
 Venom Bolt               Conj/Pois      #.........   100%        5    ######.
 Yara's Violent Unravell  Hex/Tmut       #.........   100%        5    ######.
 Bolt of Cold             Conj/Ice       #.........   100%        6    #######
 Bolt of Fire             Conj/Fire      #.........   100%        6    #######
 Conjure Ball Lightning   Conj/Air       #.........   100%        6    #######
 Darkness                 Hex            #.........   100%        6    #######
 Death Channel            Necr           #.........   100%        6    #######
 Deflect Missiles         Chrm/Air       #.........   100%        6    #######
 Dispersal                Tloc           #.........   100%        6    #######
 Freezing Cloud           Conj/Ice/Air   #.........   100%        6    #######
 Hydra Form               Tmut           #.........   100%        6    #######
 Invisibility             Hex            #.......     100%        6    #######
 Iron Shot                Conj/Erth      #.........   100%        6    #######
 Shadow Creatures         Summ           N/A          100%        6    #######
 Simulacrum               Ice/Necr       #.........   100%        6    #######
 Dragon Form              Tmut           #.........   100%        7    #######
 Haunt                    Necr/Summ      #.........   100%        7    #######
 Malign Gateway           Summ/Tloc      #.........   100%        7    #######
 Orb of Destruction       Conj           #.........   100%        7    #######
 Ring of Flames           Chrm/Fire      #.........   100%        7    #######
 Spellforged Servitor     Conj/Summ      #.........   100%        7    #######
 Summon Hydra             Summ           #.........   100%        7    #######
 Borgnjor's Revivificati  Necr           #.........   100%        8    #######
 Controlled Blink         Tloc           N/A          100%        8    #######
 Death's Door             Chrm/Necr      #.........   100%        8    #######
 Discord                  Hex            #.........   100%        8    #######
 Disjunction              Tloc           #.........   100%        8    #######
 Ignition                 Fire           #.........   100%        8    #######
 Infestation              Necr           #.........   100%        8    #######
 Necromutation            Tmut/Necr      #.........   100%        8    #######
 Dragon's Call            Summ           #.........   100%        9    #######
 Shatter                  Erth           #.........   100%        9    #######
 Tornado                  Air            #.........   100%        9    #######
 Sublimation of Blood     Necr           Unusable     N/A         2    N/A
 Passage of Golubria      Tloc           Unusable     N/A         4    N/A
 Statue Form              Tmut/Erth      Unusable     N/A         6    N/A

Dungeon Overview and Level Annotations

Branches:
Dungeon (15/15)            Temple (0/1) D:7            Lair (6/6) D:9
 Shoals (4/4) Lair:4        Snake (4/4) Lair:4        Slime (5/5) Lair:5
    Orc (2/2) D:9             Elf (3/3) Orc:2        Vaults (5/5) D:13
  Crypt (3/3) Vaults:2       Tomb (3/3) Crypt:3      Depths (5/5) D:15
   Hell (visited)             Dis (7/7) Hell            Geh (7/7) Hell
    Coc (7/7) Hell            Tar (7/7) Hell            Zot (5/5) Depths:5
 Bailey (visited)           IceCv (visited)

Altars:
Ashenzari
Dithmenos
Gozag
Kikubaaqudgha
Makhleb
Okawaru
Ru
Xom
Zin
The Shining One
Beogh
Jiyva
Lugonu

Shops:
D:4 *   D:5 *   D:6 *=   D:7 ?   D:10 =   Orc:2 :(*   Elf:2 (}=}   Shoals:3 *
Vaults:1 !   Vaults:4 *   Depths:1 ([   Depths:4 :

Portals:
Hell: Lair:6 Depths:1 Depths:2 Depths:3 Depths:4 Depths:5
Abyss: Depths:2 Depths:3 Depths:4 Depths:5
Pandemonium: Depths:3

Annotations:
Lair:1 1 runed translucent door
Tar:4 7 runed doors
Zot:5 exclusion: obsidian statue


Innate Abilities, Weirdness & Mutations

You are resistant to torment.
Your stone body is resilient. (AC +20)
You are immune to poison.
Your large and strong wings let you fly indefinitely.
You resist negative energy. (rN+)
You are resistant to electric shocks. (rElec)
You can survive without breathing.
You are immune to petrification.
You are immune to rotting.
You have sharp toenails.
You are surrounded by a mild repulsion field. (EV +2)
You have a somewhat thin skeletal structure. (Dex +2, Stealth)
You are partially covered in yellow scales. (AC +2)
You tend to lose your temper in combat.
Scrolls take you much longer to read.
Armour fits poorly on your strangely shaped body.
Your body often deteriorates upon taking damage.
You are dopey. (Int -2)
You are frail. (-10% HP)
Your magical capacity is low. (-10% MP)
You passively map a small area around you.
You occasionally shout uncontrollably at your foes.
You are weak. (Str -2)
Potions are less effective at restoring your health.
Your spells are a little easier to cast, but a little less powerful.


Message History

There is a stone staircase leading down here.
A great orb of eyes comes into view.
You whack the great orb of eyes!
The great orb of eyes is moderately wounded.
You thrash the great orb of eyes!!
The great orb of eyes is heavily wounded.
You punish the great orb of eyes, causing immense pain!!!
You kill the great orb of eyes!
No target in view!
There is a stone staircase leading up here.
You climb upwards.
There is a stone staircase leading down here.
You eat one of the 16 rations.
That ration really hit the spot!
You eat one of the 15 rations.
That ration really hit the spot!
You eat one of the 14 rations.
That ration really hit the spot!
There is a stone staircase leading up here.
You climb upwards.
There is a stone staircase leading down here.
There is a staircase leading out of the dungeon here.
You have escaped!

#...#.###.#
#.#...#..............
#(..#.....#
#.#...#..............
.......#.##
###...#........†.....
#..###.#.# #...#.#.....#......
##.....#.# #...####..#.#######
#####...# #...####..#.#
#.########...#.......###
######......[.#...#.........##
............###.@.##......#..#
.####.....####.....##.....##.##
.#
#....####..8.>..##....##..###
.#
#.....##.........##...###....
##
#..(.##.....#.....##.....†... #
#...##.....###.....##..##....
#..##.....## ##.....##..#####
#..#.....## ##.....##.#
##......## ##.....#.#


There were no monsters in sight!

Vanquished Creatures
  Cerebov (Pan)
  Antaeus (Coc:7)
  Asmodeus (Geh:7)
  the Royal Jelly (Slime:5)
  Ereshkigal (Tar:7)
  Gloorx Vloq (Pan)
  16 pandemonium lords
  A seraph (Pan)
  Mnoleg (Pan)
  Lom Lobon (Pan)
  Tiamat (Zot:4)
  Dispater (Dis:7)
  12 orbs of fire
  11 ancient liches
  Mennas (Pan)
  3 juggernauts
  10 greater mummies
  7 shard shrikes
  Boris (twice) (Crypt:2 Depths:3)
  Margery (Crypt:3)
  Bai Suzhen (Snake:4)
  Frederick (Crypt:2)
  6 Killer Klowns
  Saint Roka (Elf:3)
  Geryon (Hell)
  4 caustic shrikes
  A profane servitor (Depths:2)
  Jory (Vaults:2)
  20 bone dragons
  15 golden dragons
  17 doom hounds
  3 iron giants (Dis:7)
  28 Brimstone Fiends
  41 Tzitzimimeh
  2 electric golems (Zot:5)
  A hellephant (Lair:6)
  23 tentacled monstrosities
  9 Hell Sentinels
  18 liches
  Rupert (Lair:6)
  25 Ice Fiends
  27 Orb Guardians
  8 deep elf blademasters
  6 deep elf master archers
  9 quicksilver dragons
  21 titans
  A kraken (Shoals:4)
  18 acid blobs
  10 sphinxes
  Frances (Snake:1)
  Polyphemus (Shoals:2)
  22 Executioners
  3 tentacled starspawn
  10 death cobs
  Agnes (Snake:3)
  4 ancient champions
  The ghost of MTVSty1e the Executioner, an adept MiFi of Okawaru (Orc:1)
  23 shadow dragons
  Gastronok (D:10)
  6 tengu reavers
  Donald (Vaults:4)
  22 azure jellies
  Roxanne (Snake:1)
  4 daevas
  10 nagarajas
  18 storm dragons
  7 revenants
  11 vault wardens
  11 draconian knights
  25 fire giants
  11 draconian monks
  6 deep elf sorcerers
  8 iron dragons
  A caustic shrike zombie (Depths:2)
  31 balrugs
  6 ghost moths
  6 blood saints
  7 orc warlords
  21 frost giants
  Aizul (Snake:1)
  13 angels
  13 draconian annihilators
  18 cacodemons
  4 curse skulls
  5 draconian stormcallers
  3 warmongers
  9 draconian shifters
  A spriggan defender (Depths:5)
  5 deep elf elementalists
  13 draconian scorchers
  25 very ugly things
  4 ghouls (Crypt:1)
  14 war gargoyles
  A juggernaut skeleton (Depths:2)
  13 apis (Pan)
  10 ophanim (Pan)
  29 ironheart preservers
  An entropy weaver (Vaults:5)
  35 stone giants
  13 vampire knights
  2 elemental wellsprings
  51 reapers
  A caustic shrike skeleton (Depths:5)
  9 corrupters
  13 deep elf demonologists
  18 green draconians
  5 lorocyprocas
  8 black draconians
  Azrael (Snake:3)
  10 bennus
  12 yellow draconians
  8 black suns
  A spark wasp (Depths:3)
  12 deep elf annihilators
  4 minotaurs
  7 deep elf death magi
  16 red draconians
  20 white draconians
  20 purple draconians
  16 green deaths
  20 mummy priests
  8 merfolk javelineers
  24 blizzard demons
  12 merfolk impalers
  14 death oozes
  15 ettins
  8 fire dragons
  5 eidola
  12 jiangshi
  7 great orbs of eyes
  4 quicksilver dragon zombies
  12 yaktaur captains
  2 kraken zombies
  14 rakshasas
  16 ogre magi
  30 vault guards
  Harold (D:9)
  A hydra (shapeshifter) (Vaults:5)
  3 deep elf high priests (Elf:3)
  21 ice dragons
  6 quicksilver dragon skeletons
  2 catoblepae
  22 naga warriors
  7 monstrous demonspawn (Pan)
  2 alligator snapping turtles (Shoals:4)
  9 hydras
  5 spriggan air magi
  6 centaur warriors
  7 hell beasts
  3 merfolk avatars
  9 anacondas
  4 ghost crabs
  4 death knights
  5 merfolk aquamancers
  A juggernaut simulacrum (Depths:5)
  30 dancing weapons
  8 titan zombies
  8 death yaks
  30 two-headed ogres
  31 hell hogs
  10 vampire magi
  4 thrashing horrors
  120 death scarabs
  4 deep troll earth magi
  12 deep troll shamans
  8 tengu warriors
  7 naga sharpshooters
  37 deep elf knights
  36 sun demons
  69 hell knights
  Sonja (D:12)
  6 iron golems
  7 wretched stars
  9 orc high priests
  2 storm dragon zombies
  8 spriggan berserkers
  8 shock serpents
  35 soul eaters
  5 spriggans
  19 shadow wraiths
  15 iron trolls
  117 skeletal warriors
  A spatial maelstrom (Zig:13)
  5 storm dragon skeletons
  A fire crab (Depths:5)
  3 golden dragon zombies
  13 anaconda zombies
  25 sixfirhies
  4 salamander mystics
  39 deep trolls
  2 gelid demonspawn (Pan)
  8 titan skeletons
  10 wizards
  12 unseen horrors
  7 infernal demonspawn (Pan)
  20 shadow demons
  6 torturous demonspawn
  2 death drakes
  8 sea snakes
  2 ghost moth zombies
  A spark wasp zombie (Depths:2)
  3 orange crystal statues
  7 cherubim (Pan)
  4 kraken simulacra
  17 phantasmal warriors
  7 naga ritualists
  3 obsidian statues
  5 anaconda skeletons
  27 deep elf archers
  7 glowing orange brains
  7 golden dragon skeletons
  28 necromancers
  14 flayed ghosts
  16 ironbrand convokers
  A mana viper (shapeshifter) (D:15)
  23 orc knights
  3 lindwurms
  A sphinx zombie (Vaults:2)
  16 harpies
  6 shadow dragon zombies
  9 wolf spider zombies
  40 ugly things
  93 deep elf magi
  A harpy (shapeshifter) (Zig:13)
  A wolf spider (shapeshifter) (Vaults:5)
  8 orc sorcerers
  7 mana vipers
  38 large abominations
  13 manticores
  9 stone giant zombies
  7 fauns (Shoals:3)
  2 fire giant zombies
  A shining eye (shapeshifter) (Depths:3)
  10 shining eyes
  8 cyclopes
  A faun (shapeshifter) (Vaults:5)
  5 frost giant zombies
  7 elephants
  2 worldbinders (Depths:5)
  2 manticores (shapeshifter)
  2 shock serpent zombies
  A draconian (Abyss:5)
  7 wolf spiders
  6 shadow dragon skeletons
  30 moths of wrath
  17 salamanders
  4 centaur zombies
  10 ice statues
  A guardian serpent (Snake:3)
  Maurice (D:13)
  A water nymph (shapeshifter) (Depths:4)
  8 titan simulacra (Coc:7)
  12 merfolk sirens
  18 fire giant skeletons
  6 stone giant skeletons
  Joseph (D:7)
  A shock serpent skeleton (Coc:3)
  19 black mambas
  7 frost giant skeletons
  An eye of devastation (shapeshifter) (Vaults:5)
  34 rust devils
  5 water nymphs
  3 eyes of devastation
  13 molten gargoyles
  27 orange demons
  7 iron dragon skeletons
  3 centaur skeletons
  5 gargoyles
  10 vault sentinels
  32 hellions
  6 storm dragon simulacra
  2 emperor scorpion zombies
  27 naga magi
  37 smoke demons
  A spriggan skeleton (Depths:5)
  19 spiny frogs
  4 human zombies
  A yaktaur (shapeshifter) (Abyss:2)
  4 demonic crawlers (Pan)
  5 rime drakes
  3 komodo dragons (shapeshifter)
  4 anaconda simulacra
  44 tormentors
  A yaktaur zombie (Vaults:1)
  6 komodo dragons
  34 yaktaurs
  50 ice devils
  19 efreet
  30 freezing wraiths
  A grey draconian skeleton (Crypt:2)
  A golden dragon simulacrum (Coc:3)
  3 dire elephant skeletons
  2 harpy zombies
  3 minotaur skeletons
  34 guardian mummies
  4 catoblepas skeletons
  32 hellwings
  7 ancient zymes
  9 trolls
  3 tengu conjurers (Depths:3)
  A meliai (shapeshifter) (Depths:3)
  11 hydra zombies
  3 silent spectres
  16 wind drakes
  53 red devils
  An elf skeleton (Depths:5)
  51 merfolk
  A shadow dragon simulacrum (Depths:5)
  A wind drake (shapeshifter) (Vaults:5)
  A hornet (shapeshifter) (Elf:3)
  16 hornets
  8 hydra skeletons
  21 polar bears
  3 bog bodies
  3 alligator zombies
  5 ice dragon zombies
  13 snapping turtles
  6 hippogriffs
  3 harpy skeletons
  10 raiju
  3 dream sheep (Shoals:1)
  3 blink frogs (Lair:4)
  8 ettin zombies
  65 slime creatures
  A blink frog (shapeshifter) (Vaults:5)
  6 fire dragon zombies
  An iron dragon simulacrum (Hell)
  5 alligator skeletons
  34 starcursed masses
  6 fire dragon skeletons
  2 air elementals
  A black mamba zombie (Tar:1)
  9 ettin skeletons
  170 flying skulls
  4 ice dragon skeletons
  6 vampires (Crypt:3)
  A spriggan (shapeshifter) (Vaults:4)
  37 shadows
  30 wraiths
  6 wyverns
  57 yaks
  23 ynoxinuls
  A redback (Vaults:5)
  21 water elementals
  9 ushabtiu
  A hog (Depths:5)
  5 fire bats
  7 humans (D:13)
  Grum (Lair:1)
  30 fire elementals
  19 chaos spawn
  A fire bat (shapeshifter) (Vaults:3)
  7 hungry ghosts
  7 golden eyes
  25 neqoxecs
  7 vampire mosquitoes
  3 insubstantial wisps
  5 basilisks
  A spatial vortex (Dis:7)
  An infernal demonspawn zombie (Coc:1)
  45 nagas
  A two-headed ogre zombie (Crypt:1)
  3 acid dragons
  8 wargs
  9 hydra simulacra
  A soldier ant (D:14)
  9 spiny frog zombies
  An infernal demonspawn skeleton (Crypt:2)
  10 porcupines
  76 hell hounds
  11 water moccasins
  5 floating eyes (Pan)
  97 orc warriors
  21 ice beasts
  2 merfolk skeletons
  A swamp drake (shapeshifter) (Vaults:1)
  2 sky beasts (D:5)
  A black bear (shapeshifter) (Vaults:1)
  6 spiny frog skeletons
  A black mamba simulacrum (Coc:7)
  3 snapping turtle zombies
  12 eyes of draining
  5 manticore skeletons
  41 ogres
  9 black bears
  2 swamp dragon zombies (Tar:7)
  2 manticore zombies
  29 necrophages
  22 wolves
  8 phantoms
  20 boggarts
  21 centaurs
  4 snapping turtle skeletons
  14 crocodiles
  A crocodile (shapeshifter) (Vaults:5)
  6 bullfrogs
  A spiny frog simulacrum (Hell)
  5 earth elementals
  A gnoll sergeant (D:6)
  A glowing shapeshifter simulacrum (Depths:5)
  2 troll zombies
  2 queen bee zombies (Crypt:1)
  2 scorpions
  A manticore simulacrum (Hell)
  18 killer bees
  77 wights
  A snapping turtle simulacrum (Crypt:1)
  2 howler monkeys
  A vampire bat (Depths:5)
  3 electric eels
  2 lava snakes
  9 small abominations
  18 crimson imps
  2 human simulacra
  2 quasits
  A yaktaur simulacrum (Vaults:1)
  5 hounds
  43 orc priests
  Crazy Yiuf (D:2)
  18 iron imps
  3 jellies
  A bullfrog skeleton (D:8)
  Ijyb (D:5)
  Jessica (D:3)
  19 orc wizards
  3 human skeletons
  3 iguanas
  6 worker ants
  Terence (D:3)
  10 hell rats
  2 spriggan simulacra
  A naga zombie (Crypt:1)
  7 ogre zombies (D:9)
  A demigod skeleton (Crypt:1)
  3 hound skeletons
  27 mummies
  2 worker ant zombies
  Robin (D:3)
  8 gnolls
  A howler monkey skeleton (D:7)
  15 adders
  20 shadow imps
  14 white imps
  2 oozes
  An adder zombie (D:8)
  2 adder skeletons
  12 ball lightnings (Pan)
  3 dart slugs
  7 leopard geckos
  171 orcs
  7 giant cockroaches
  16 goblins
  12 hobgoblins
  7 jackals
  4 quokkas
  8 bats
  A frilled lizard (shapeshifter) (Vaults:5)
  3 frilled lizards
  2 goblin skeletons (D:9)
  3 goblin zombies (D:9)
  A hobgoblin skeleton (D:9)
  3 hobgoblin zombies (D:9)
  A jackal skeleton (D:4)
  14 kobolds
  4 orc skeletons (D:9)
  13 orc zombies
  2 quokka skeletons (D:5)
  7 rats
  A river rat skeleton (Crypt:2)
  3 crawling corpses
  3 fungi
  A lurking horror (Abyss:5)
  2 plants (Shoals:2)
  3 starspawn tentacles
  13 tentacles
  4 withered plants (Crypt:3)
5489 creatures vanquished.

Vanquished Creatures (collateral kills)
  A reaper (Dis:7)
  An angel (Pan)
  An apis (Pan)
  An iron troll (Dis:7)
  A yak (Lair:2)
  A phantom (Dis:7)
  An iron imp (Dis:7)
7 creatures vanquished.

Vanquished Creatures (others)
  A caustic shrike (Depths:5)
  A doom hound (Tar:3)
  4 eldritch tentacles
  2 deep elf master archers
  A frost giant (Coc:7)
  A reaper (Dis:7)
  An elemental wellspring (Coc:7)
  A blizzard demon (Pan)
  An ettin (Depths:5)
  A green death (Pan)
  A yaktaur captain (Depths:5)
  A centaur warrior (Depths:2)
  2 hell hogs
  A hell knight (Geh:7)
  A cherub (Pan)
  A wizard (Pan)
  2 deep elf archers
  A necromancer (Geh:1)
  A deep elf mage (Zig:10)
  An orc sorcerer (Tar:1)
  A molten gargoyle (Depths:5)
  3 yaktaurs
  A hydra zombie (Coc:7)
  A wind drake (Pan)
  A slime creature (Slime:5)
  3 flying skulls
  A shadow (Geh:1)
  A fire dragon skeleton (Geh:7)
  A chaos spawn (Pan)
  A naga (Snake:4)
  A warg (Tar:1)
  An orc warrior (Tar:1)
  A centaur (D:14)
  An iguana (shapeshifter) (Vaults:5)
  4 ball lightnings (Pan)
  3 orcs
  A crawling corpse (Elf:3)
  2 fire vortices (Pan)
  13 fungi
  11 plants
  4 starspawn tentacles
  32 tentacles
  10 toadstools (Lair:1)
  11 withered plants (Crypt:3)
135 creatures vanquished.

Grand Total: 5631 creatures vanquished

Notes
Turn   | Place    | Note
-------+----------+-------------------------------------------
     0 | D:1      | MTVSty1e the Gargoyle Fighter began the quest for the Orb.
     0 | D:1      | Reached XP level 1. HP: 14/14 MP: 1/1
   336 | D:1      | Reached XP level 2. HP: 17/19 MP: 2/2
   826 | D:2      | Reached XP level 3. HP: 23/23 MP: 3/3
  1070 | D:2      | Reached XP level 4. HP: 28/28 MP: 4/4
  1115 | D:2      | Found a runed translucent door.
  1116 | D:2      | Noticed Crazy Yiuf
  1159 | D:2      | Killed Crazy Yiuf
  1273 | D:2      | Found a shimmering altar of Xom.
  1273 | D:2      | Found an opulent altar of Gozag.
  1278 | D:2      | Found a sacrificial altar of Ru.
  1279 | D:2      | Found an iron altar of Okawaru.
  1280 | D:2      | Found a glowing golden altar of the Shining One.
  1284 | D:2      | Became a worshipper of Warmaster Okawaru
  1430 | D:3      | Noticed Jessica
  1445 | D:3      | Killed Jessica
  1445 | D:3      | Reached skill level 5 in Maces & Flails
  1445 | D:3      | Reached XP level 5. HP: 32/32 MP: 5/5
  1730 | D:3      | Noticed Terence
  1736 | D:3      | Killed Terence
  1952 | D:3      | Noticed Robin
  1960 | D:3      | Reached XP level 6. HP: 28/37 MP: 6/6
  1971 | D:3      | Killed Robin
  2449 | D:4      | Reached * piety under Okawaru
  2548 | D:4      | Reached XP level 7. HP: 11/41 MP: 7/7
  2558 | D:4      | HP: 2/41 [orc priest (4)]
  2880 | D:4      | Found Tiaguul's Lightly-Used Armoury.
  2887 | D:4      | Bought a -3 demon whip for 1 gold piece
  3455 | D:5      | Entered Level 5 of the Dungeon
  3496 | D:5      | Reached ** piety under Okawaru
  3516 | D:5      | Reached XP level 8. HP: 40/46 MP: 8/8
  3571 | D:5      | Found an opulent altar of Gozag.
  3573 | D:5      | Found Gozag's Platinum Reserve.
  3829 | D:5      | Reached skill level 10 in Maces & Flails
  3829 | D:5      | Noticed Ijyb
  3839 | D:5      | Killed Ijyb
  4321 | D:6      | Reached *** piety under Okawaru
  4327 | D:6      | Reached XP level 9. HP: 47/51 MP: 9/9
  4450 | D:6      | Found a shimmering altar of Xom.
  4473 | D:6      | Found Neceas's Jewellery Emporium.
  4693 | D:6      | Found Vaupuggi's Serpentskin Sales.
  4996 | D:7      | Reached **** piety under Okawaru
  5313 | D:7      | Noticed Joseph
  5326 | D:7      | Killed Joseph
  5421 | D:7      | Found a staircase to the Ecumenical Temple.
  5438 | D:7      | Found Emiom's Magic Scroll Shop.
  5446 | D:7      | Bought a scroll of enchant weapon for 97 gold pieces
  5446 | D:7      | Bought a scroll of enchant weapon for 97 gold pieces
  5956 | D:8      | Noticed a gargoyle
  5981 | D:8      | Killed a gargoyle
  5981 | D:8      | Reached XP level 10. HP: 46/56 MP: 10/10
  6371 | D:8      | Reached ***** piety under Okawaru
  6428 | D:8      | Received a gift from Okawaru
  7251 | D:9      | Found a staircase to the Orcish Mines.
  7342 | D:9      | Received a gift from Okawaru
  7342 | D:9      | Reached skill level 15 in Maces & Flails
  7514 | D:9      | Found a staircase to the Lair.
  7517 | D:9      | Noticed Harold
  7536 | D:9      | Killed Harold
  7536 | D:9      | Reached XP level 11. HP: 54/60 MP: 9/11
  8060 | D:9      | Found a shadowy altar of Dithmenos.
  8369 | D:9      | Found a glowing silver altar of Zin.
  8369 | D:9      | Found a burning altar of Makhleb.
  8370 | D:9      | Noticed a blizzard demon
  8370 | D:9      | Noticed an angel
  8461 | D:10     | Entered Level 10 of the Dungeon
  8462 | D:10     | Found Oskeneph's Jewellery Emporium.
  8590 | D:10     | Received a gift from Okawaru
  8707 | D:10     | Noticed a two-headed ogre
  8718 | D:10     | Killed a two-headed ogre
  8800 | D:10     | Reached skill level 5 in Fighting
  8998 | D:9      | Killed an unseen horror
  9170 | Lair:1   | Entered Level 1 of the Lair of Beasts
  9197 | Lair:1   | Reached skill level 5 in Armour
  9217 | Lair:1   | Reached ****** piety under Okawaru
  9217 | Lair:1   | Received a gift from Okawaru
  9282 | Lair:1   | Found the +12 Vampire's Tooth {vamp}
  9324 | Lair:1   | Reached XP level 12. HP: 19/71 MP: 9/12
  9451 | Lair:1   | Noticed a dire elephant
  9471 | Lair:1   | Found a runed translucent door.
  9712 | Lair:1   | Noticed Grum
  9748 | Lair:1   | Killed Grum
 10686 | D:6      | Bought the ring "Cugymead" {*Drain +Fly rF+ rC++ Slay+1
                  | SInv} for 458 gold pieces
 10837 | Lair:1   | Received a gift from Okawaru
 12908 | Lair:4   | Reached skill level 10 in Fighting
 13027 | Lair:4   | Found a staircase to the Snake Pit.
 13052 | Lair:4   | Reached XP level 13. HP: 82/82 MP: 13/13
 13080 | Lair:4   | Received a gift from Okawaru
 13087 | Lair:4   | Reached skill level 1 in Invocations
 13164 | Lair:4   | You fall into a shaft and drop 1 floor!
 13249 | Lair:4   | Found a staircase to the Shoals.
 14060 | Lair:4   | Received a gift from Okawaru
 14678 | Lair:5   | Found a runed translucent door.
 14679 | Lair:5   | Found a viscous altar of Jiyva.
 14679 | Lair:5   | Noticed an azure jelly
 14679 | Lair:5   | Noticed an azure jelly
 14680 | Lair:5   | Noticed an azure jelly
 14681 | Lair:5   | Found a staircase to the Slime Pits.
 14818 | Lair:6   | Entered Level 6 of the Lair of Beasts
 14847 | Lair:6   | Noticed Rupert
 14862 | Lair:6   | Killed Rupert
 14954 | Lair:6   | Received a gift from Okawaru
 15051 | Lair:6   | Gained mutation: Your large and strong wings let you fly
                  | indefinitely. [Gargoyle growth]
 15051 | Lair:6   | Reached XP level 14. HP: 92/92 MP: 17/17
 15369 | Lair:6   | Reached skill level 5 in Invocations
 15727 | Lair:6   | Found a burning altar of Makhleb.
 15883 | Lair:6   | Found a gateway to Hell.
 16857 | D:10     | Noticed Gastronok
 16878 | D:10     | Killed Gastronok
 18007 | D:12     | Received a gift from Okawaru
 18345 | D:12     | Noticed Sonja
 18355 | D:12     | Killed Sonja
 18521 | D:12     | Found a portal to a secret trove of treasure.
 18585 | D:12     | Received a gift from Okawaru
 19066 | D:13     | Found a frozen archway.
 19103 | IceCv    | Entered an ice cave
 19146 | IceCv    | Reached skill level 10 in Armour
 19161 | IceCv    | Reached XP level 15. HP: 67/99 MP: 20/20
 19484 | IceCv    | Noticed a frost giant
 19511 | IceCv    | Killed a frost giant
 20320 | D:13     | Got a fine ring mail
 20324 | D:13     | Identified the +5 ring mail of the Catamount {rPois} (You
                  | found it on level 13 of the Dungeon)
 20337 | D:13     | Found a gate to the Vaults.
 20528 | D:13     | Noticed Maurice
 20533 | D:13     | Killed Maurice
 21141 | D:4      | Bought -2 gold dragon scales for 700 gold pieces
 21273 | Orc:1    | Entered Level 1 of the Orcish Mines
 21329 | Orc:1    | Found a flagged portal.
 21352 | Orc:1    | Found a runed translucent door.
 21372 | Bailey   | Entered a bailey
 21436 | Bailey   | Found a burning altar of Makhleb.
 21547 | Orc:1    | Noticed MTVSty1e's ghost (adept MiFi)
 21720 | Orc:2    | Entered Level 2 of the Orcish Mines
 22201 | Orc:2    | Received a gift from Okawaru
 22443 | Orc:2    | Found a staircase to the Elven Halls.
 22492 | Orc:2    | Identified the +2 short sword of Huduall {speed, rF+ rC+
                  | Str+3 Int+2}
 22721 | Orc:2    | Noticed an orc warlord
 22774 | Orc:2    | Killed an orc warlord
 22906 | Orc:2    | Found Istrecw's Book Boutique.
 22934 | Orc:2    | Found a roughly hewn altar of Beogh.
 22963 | Orc:2    | Found Ruybbay's Food Shoppe.
 23323 | Orc:2    | Found a roughly hewn altar of Beogh.
 23403 | Orc:2    | Found Ustunk's General Store.
 23432 | Orc:2    | Found Cekuysaci's Antique Weapon Shoppe.
 23983 | Orc:1    | Found a roughly hewn altar of Beogh.
 24228 | Snake:1  | Entered Level 1 of the Snake Pit
 24247 | Snake:1  | Reached XP level 16. HP: 102/107 MP: 22/22
 24317 | Snake:1  | Noticed Roxanne
 24355 | Snake:1  | Killed Roxanne
 24488 | Snake:1  | Reached skill level 15 in Fighting
 24488 | Snake:1  | Reached skill level 5 in Shields
 24498 | Snake:1  | Received a gift from Okawaru
 24848 | Snake:1  | Noticed Aizul
 24848 | Snake:1  | Noticed Frances
 24876 | Snake:1  | Killed Aizul
 24886 | Snake:1  | Killed Frances
 25339 | Snake:2  | Noticed a nagaraja
 25356 | Snake:2  | Killed a nagaraja
 25938 | Snake:3  | Noticed a nagaraja
 25963 | Snake:3  | Killed a nagaraja
 25963 | Snake:3  | Received a gift from Okawaru
 26166 | Snake:3  | Noticed Agnes
 26178 | Snake:3  | Killed Agnes
 26368 | Snake:3  | Received a gift from Okawaru
 26602 | Snake:3  | Noticed a nagaraja
 26612 | Snake:3  | Killed a nagaraja
 26612 | Snake:3  | Reached XP level 17. HP: 64/115 MP: 24/24
 26843 | Snake:3  | Noticed Azrael
 26857 | Snake:3  | Killed Azrael
 27210 | Snake:4  | Entered Level 4 of the Snake Pit
 27274 | Snake:4  | Noticed Bai Suzhen
 27648 | Snake:4  | Reached skill level 10 in Invocations
 27808 | Snake:4  | Killed Bai Suzhen
 27824 | Snake:4  | Received a gift from Okawaru
 28110 | Snake:4  | Received a gift from Okawaru
 28117 | Snake:4  | Got a transparent cloak {god gift}
 28270 | Snake:4  | Identified the +1 cloak of Dishonesty {Str+4} (Okawaru
                  | gifted it to you on level 4 of the Snake Pit)
 28339 | Snake:4  | Got a serpentine rune of Zot
 28371 | Snake:4  | Reached XP level 18. HP: 109/123 MP: 24/26
 28840 | Shoals:1 | Entered Level 1 of the Shoals
 29878 | Shoals:2 | Noticed Polyphemus
 29911 | Shoals:2 | Killed Polyphemus
 30596 | Shoals:3 | Received a gift from Okawaru
 31166 | Shoals:3 | Found Gofeakua's Mass Market.
 31657 | Shoals:4 | Entered Level 4 of the Shoals
 32418 | Shoals:4 | Received a gift from Okawaru
 32970 | Shoals:4 | Got a barnacled rune of Zot
 33555 | Elf:1    | Entered Level 1 of the Elven Halls
 33591 | Elf:1    | Reached XP level 19. HP: 127/130 MP: 27/27
 33972 | Elf:1    | Reached skill level 10 in Shields
 34137 | Elf:1    | Found a roughly hewn altar of Beogh.
 34148 | Elf:1    | Received a gift from Okawaru
 34901 | Elf:1    | Got a pair of heavily runed boots {god gift}
 34902 | Elf:1    | Identified the +0 pair of boots of Relativism {Int+2}
                  | (Okawaru gifted it to you on level 1 of the Elven Halls)
 34975 | Elf:1    | Identified the Compendium of Conjuration
 35362 | Elf:2    | Found Fulamora's Gadget Shoppe.
 35381 | Elf:2    | Found Ziotigg's Jewellery Shop.
 35382 | Elf:2    | Found Bitoe's Gadget Shoppe.
 35396 | Elf:2    | Found a runed translucent gate.
 35432 | Elf:2    | Found a runed translucent gate.
 35432 | Elf:2    | Found a runed translucent gate.
 35455 | Elf:2    | Found Zaorul's Antique Weapon Shoppe.
 36621 | Elf:3    | Entered Level 3 of the Elven Halls
 36864 | Elf:3    | Noticed Saint Roka
 37083 | Elf:3    | Killed Saint Roka
 37371 | Elf:3    | Received a gift from Okawaru
 37371 | Elf:3    | Reached XP level 20. HP: 135/137 MP: 29/29
 38084 | Elf:3    | Noticed a Tzitzimitl
 38404 | Elf:3    | Received a gift from Okawaru
 38820 | Elf:3    | Identified the cursed +1 plate armour "Iporivvu" {rElec
                  | MR++ rCorr Str-5}
 38820 | Elf:3    | Identified the amulet "Tanot" {MR+ Regen+}
 38859 | Elf:3    | Identified the +12 quarterstaff "Qualuol" {drain, *Slow
                  | MR++ Dex+5}
 38859 | Elf:3    | Identified the ring "Norafaah" {rF+ Str-3 Int+5 Dex+6
                  | Stlth-}
 38892 | Elf:3    | Received a gift from Okawaru
 38896 | Elf:3    | Identified the +2 animal skin of Futouq {rPois rF+ Int+4}
                  | (Okawaru gifted it to you on level 3 of the Elven Halls)
 38912 | Elf:3    | Identified the Grimoire of Curses and Fire
 38919 | Elf:3    | Identified Weininuy's Further Progress in Magic
 39014 | Elf:3    | Got a pair of jewelled boots
 39022 | Elf:3    | Identified the +0 pair of boots of Lugonu's Scorn {Dex+4}
                  | (You found it on level 3 of the Elven Halls)
 39808 | Hell     | Entered the Vestibule of Hell
 39808 | Hell     | Noticed Geryon
 40315 | D:2      | Fell from the grace of Okawaru
 40315 | D:2      | Became a worshipper of the Shining One
 40550 | Orc:2    | Bought a ration for 65 gold pieces
 40550 | Orc:2    | Bought a ration for 65 gold pieces
 40550 | Orc:2    | Bought a ration for 65 gold pieces
 40550 | Orc:2    | Bought a ration for 65 gold pieces
 40550 | Orc:2    | Bought a ration for 65 gold pieces
 40550 | Orc:2    | Bought a ration for 65 gold pieces
 40550 | Orc:2    | Bought a ration for 65 gold pieces
 40550 | Orc:2    | Bought a ration for 65 gold pieces
 40550 | Orc:2    | Bought a ration for 65 gold pieces
 40550 | Orc:2    | Bought a ration for 65 gold pieces
 40550 | Orc:2    | Bought a ration for 65 gold pieces
 40550 | Orc:2    | Bought a ration for 65 gold pieces
 40550 | Orc:2    | Bought a ration for 65 gold pieces
 40890 | Lair:6   | Reached * piety under the Shining One
 41689 | Orc:1    | Killed MTVSty1e's ghost
 43084 | Hell     | Reached ** piety under the Shining One
 43233 | Hell     | Reached *** piety under the Shining One
 43282 | Hell     | Noticed a hellephant
 43348 | Hell     | Reached **** piety under the Shining One
 43408 | Hell     | Found a gateway to the freezing wastes of Cocytus.
 43782 | Hell     | Reached XP level 21. HP: 99/145 MP: 26/30
 44323 | Hell     | Killed Geryon
 44633 | Hell     | Found a gateway to the decaying netherworld of Tartarus.
 44678 | Hell     | Found a gateway to the ashen valley of Gehenna.
 45359 | Hell     | Found a gateway to the Iron City of Dis.
 45464 | Hell     | Reached skill level 15 in Armour
 45520 | Tar:1    | Entered Level 1 of Tartarus
 45520 | Tar:1    | Found a gateway to Hell.
 45582 | Tar:1    | Noticed a bone dragon
 45618 | Tar:2    | Found a gateway to Hell.
 45627 | Tar:2    | Killed a bone dragon
 45747 | Tar:1    | Reached ***** piety under the Shining One
 46315 | Geh:1    | Entered Level 1 of Gehenna
 46315 | Geh:1    | Found a gateway to Hell.
 46457 | Geh:2    | Found a gateway to Hell.
 46478 | Geh:2    | Found a gateway to Hell.
 46665 | Geh:2    | Reached ****** piety under the Shining One
 46693 | Geh:2    | Identified a +8 sacred scourge of holy wrath (a +6 demon
                  | whip of freezing blessed by the Shining One)
 46693 | Geh:2    | Received a gift from the Shining One
 46902 | Geh:3    | Found a gateway to Hell.
 46949 | Geh:3    | Reached XP level 22. HP: 152/152 MP: 27/32
 47030 | Geh:3    | Found a gateway to Hell.
 47209 | Geh:4    | Found a gateway to Hell.
 47209 | Geh:4    | Found a gateway to Hell.
 47267 | Geh:4    | Reached skill level 15 in Invocations
 47456 | Geh:4    | Found a gateway to Hell.
 47463 | Geh:5    | Found a gateway to Hell.
 47531 | Geh:5    | Was forgiven by Okawaru
 47589 | Geh:6    | Found a gateway to Hell.
 47592 | Geh:6    | Found a gateway to Hell.
 47638 | Geh:7    | Entered Level 7 of Gehenna
 47638 | Geh:7    | Found a gateway to Hell.
 47638 | Geh:7    | Found a gateway to Hell.
 47638 | Geh:7    | Found a gateway to Hell.
 47762 | Geh:7    | Cast into level 2 of the Abyss (hell knight)
 47829 | Abyss:2  | Gained mutation: You occasionally shout uncontrollably at
                  | your foes. [a neqoxec]
 48062 | Abyss:2  | Found a basalt altar of Yredelemnul.
 48076 | Abyss:2  | Gained mutation: You are frail. (-10% HP) [a neqoxec]
 48283 | Abyss:2  | Found a corrupted altar of Lugonu.
 48583 | Abyss:2  | Lost mutation: You frequently scream uncontrollably at your
                  | foes. [potion of mutation]
 48583 | Abyss:2  | Lost mutation: You are extremely frail. (-30% HP) [potion
                  | of mutation]
 48583 | Abyss:2  | Gained mutation: You are somewhat resistant to further
                  | mutation. [potion of mutation]
 48708 | Abyss:4  | Found a corrupted altar of Lugonu.
 48744 | Abyss:5  | Entered Level 5 of the Abyss
 48744 | Abyss:5  | Found a corrupted altar of Lugonu.
 48819 | Abyss:5  | Reached XP level 23. HP: 57/159 MP: 33/35
 48899 | Abyss:5  | Found a corrupted altar of Lugonu.
 48988 | Abyss:5  | Found a transporter.
 48990 | Abyss:5  | Got an abyssal rune of Zot
 49028 | Geh:7    | Escaped the Abyss
 49519 | Geh:7    | Identified the +3 battleaxe "Koxy" {chop, rElec MR+++ Int-5
                  | Stlth+}
 49873 | Geh:7    | Identified the +7 sceptre of Asmodeus
 49873 | Geh:7    | Noticed Asmodeus
 49913 | Geh:7    | Killed Asmodeus
 49913 | Geh:7    | Reached XP level 24. HP: 73/166 MP: 27/35
 49989 | Geh:7    | Got an obsidian rune of Zot
 50305 | Tar:2    | Found a gateway to Hell.
 50511 | Tar:3    | Found a gateway to Hell.
 50511 | Tar:3    | Found a gateway to Hell.
 50562 | Tar:4    | Found a gateway to Hell.
 50562 | Tar:4    | Found a gateway to Hell.
 50562 | Tar:4    | Found a huge runed gate.
 50562 | Tar:4    | Found a huge runed gate.
 50562 | Tar:4    | Found a huge runed gate.
 50563 | Tar:4    | Found a huge runed gate.
 50572 | Tar:4    | Found a huge runed gate.
 50580 | Tar:4    | Found a gateway to Hell.
 50580 | Tar:4    | Found a huge runed gate.
 50600 | Tar:4    | Found a huge runed gate.
 50711 | Tar:5    | Found a gateway to Hell.
 50941 | Tar:5    | Reached skill level 15 in Shields
 50999 | Tar:6    | Found a gateway to Hell.
 51020 | Tar:6    | Found a gateway to Hell.
 51189 | Tar:6    | Reached XP level 25. HP: 171/172 MP: 36/36
 51613 | Tar:6    | Paralysed by a vampire knight for 2 turns
 51731 | Tar:7    | Entered Level 7 of Tartarus
 51731 | Tar:7    | Found a gateway to Hell.
 51731 | Tar:7    | Found a gateway to Hell.
 51731 | Tar:7    | Found a gateway to Hell.
 52083 | Tar:7    | Gained mutation: Your body sometimes deteriorates upon
                  | taking damage. [mutagenic glow]
 52114 | Tar:7    | Gained mutation: You have a somewhat thin skeletal
                  | structure. (Dex +2, Stealth) [mutagenic glow]
 52156 | Tar:7    | Gained mutation: Your magical capacity is low. (-10% MP)
                  | [mutagenic glow]
 52510 | Tar:7    | Reached XP level 26. HP: 175/179 MP: 33/33
 53470 | Tar:7    | Noticed Ereshkigal
 53549 | Tar:7    | Killed Ereshkigal
 53587 | Tar:7    | Got a bone rune of Zot
 53951 | Tar:7    | Reached XP level 27. HP: 186/186 MP: 33/33
 54530 | Coc:1    | Entered Level 1 of Cocytus
 54530 | Coc:1    | Found a gateway to Hell.
 54727 | Coc:2    | Found a gateway to Hell.
 54738 | Coc:2    | Found a gateway to Hell.
 54831 | Coc:2    | Found a gateway to Hell.
 54834 | Coc:3    | Found a gateway to Hell.
 54877 | Coc:3    | Found a gateway to Hell.
 55358 | Coc:3    | Found a gateway to Hell.
 55742 | Coc:4    | Found a gateway to Hell.
 55751 | Coc:4    | Found a gateway to Hell.
 55753 | Coc:4    | Found a gateway to Hell.
 55765 | Coc:5    | Found a gateway to Hell.
 55798 | Coc:6    | Found a gateway to Hell.
 55880 | Coc:6    | Found a gateway to Hell.
 55891 | Coc:7    | Entered Level 7 of Cocytus
 55891 | Coc:7    | Found a gateway to Hell.
 55891 | Coc:7    | Found a gateway to Hell.
 55891 | Coc:7    | Found a gateway to Hell.
 56097 | Coc:7    | Identified the cursed +3 morningstar of Zin's Fury {elec,
                  | Str+6}
 56099 | Coc:7    | Found the +3 giant club "Skullcrusher" {speed, Str+7}
 56164 | Coc:7    | Identified the Tome of Virous Confrontation
 56348 | Coc:7    | Noticed Antaeus
 56374 | Coc:7    | Reached skill level 27 in Maces & Flails
 56390 | Coc:7    | Killed Antaeus
 56404 | Coc:7    | Got an icy rune of Zot
 56408 | Coc:7    | Got a glittering bronze ring
 56895 | Vaults:1 | Entered Level 1 of the Vaults
 57659 | Vaults:1 | Found Gaitec's Distillery.
 57667 | Vaults:1 | Bought a potion of agility for 76 gold pieces
 57667 | Vaults:1 | Bought a potion of curing for 57 gold pieces
 57667 | Vaults:1 | Bought a potion of curing for 57 gold pieces
 57667 | Vaults:1 | Bought a potion of curing for 57 gold pieces
 57667 | Vaults:1 | Bought a potion of curing for 57 gold pieces
 57667 | Vaults:1 | Bought 2 potions of haste for 380 gold pieces
 57786 | Vaults:1 | Reached skill level 1 in Dodging
 58539 | Vaults:2 | Identified the ring "Buibuwn" {rF+ Str+4 Int+4} (You found
                  | it on level 7 of Cocytus)
 58732 | Vaults:2 | Noticed Jory
 58745 | Vaults:2 | Killed Jory
 59395 | Vaults:2 | Found a staircase to the Crypt.
 60387 | Vaults:3 | Identified a scroll of acquirement
 61181 | Vaults:4 | Reached skill level 5 in Dodging
 61336 | Vaults:4 | Noticed Donald
 61357 | Vaults:4 | Killed Donald
 61661 | Vaults:4 | Found Plog's General Store.
 61670 | Vaults:4 | Bought a potion of curing for 39 gold pieces
 61670 | Vaults:4 | Bought a potion of magic for 104 gold pieces
 61670 | Vaults:4 | Bought a scroll of magic mapping for 45 gold pieces
 61670 | Vaults:4 | Bought a potion of haste for 130 gold pieces
 61670 | Vaults:4 | Bought a potion of heal wounds for 65 gold pieces
 61722 | Vaults:4 | Noticed an ancient lich
 62164 | Vaults:5 | Entered Level 5 of the Vaults
 62518 | Vaults:5 | Noticed an ancient lich
 62531 | Vaults:5 | Killed an ancient lich
 62713 | Vaults:5 | Noticed an ancient lich
 62721 | Vaults:5 | Killed an ancient lich
 62728 | Vaults:5 | Identified the amulet of Doiviefi {Harm *Drain MP+9 Str+2
                  | Slay+2}
 62948 | Vaults:5 | Got a silver rune of Zot
 63073 | Vaults:5 | Identified Tuifi's Compendium of Transmigration and the
                  | Oath
 63208 | Vaults:5 | Paralysed by a floating eye for 4 turns
 64326 | Crypt:1  | Entered Level 1 of the Crypt
 65094 | Crypt:2  | Noticed Frederick
 65106 | Crypt:2  | Killed Frederick
 65255 | Crypt:2  | Noticed Boris
 65268 | Crypt:2  | Killed Boris
 65652 | Crypt:3  | Entered Level 3 of the Crypt
 65667 | Crypt:3  | Noticed an ancient lich
 65675 | Crypt:3  | Killed an ancient lich
 65696 | Crypt:3  | Noticed Margery
 65718 | Crypt:3  | Killed Margery
 65983 | Crypt:3  | Found a staircase to the Tomb.
 66879 | Crypt:3  | Found an ancient bone altar of Kikubaaqudgha.
 66881 | Crypt:3  | Noticed an ancient lich
 66887 | Crypt:3  | Killed an ancient lich
 66917 | Crypt:3  | Noticed an ancient lich
 66921 | Crypt:3  | Killed an ancient lich
 66984 | Crypt:3  | Identified the Tome of the Hurtful Volcanoes
 67509 | Slime:1  | Entered Level 1 of the Pits of Slime
 67920 | D:6      | Bought an uncursed ring of resist corrosion for 240 gold
                  | pieces
 68437 | Slime:4  | Gained mutation: You are clumsy. (Dex -2) [a shining eye]
 68485 | Slime:5  | Entered Level 5 of the Pits of Slime
 68655 | Slime:5  | Reached skill level 10 in Dodging
 68657 | Slime:5  | Noticed the Royal Jelly
 68807 | Slime:5  | Killed the Royal Jelly
 68998 | Slime:5  | Found the +7 great mace "Firestarter" {inner flame, rF++}
 69015 | Slime:5  | Identified the Disquisition on the Birds and the Voyage
 69126 | Slime:5  | Got a bound lead ring
 69140 | Slime:5  | Got a slimy rune of Zot
 69187 | Slime:5  | Identified the ring of Untruth {rElec rCorr Str+2} (You
                  | found it on level 5 of the Pits of Slime)
 69515 | D:14     | Got a dazzling helmet
 69516 | D:14     | Identified the +0 helmet of Eceongee {rF- rN+++ rCorr
                  | Slay-3} (You found it on level 14 of the Dungeon)
 69983 | D:15     | Entered Level 15 of the Dungeon
 70425 | D:15     | Found a staircase to the Depths.
 70727 | Depths:1 | Entered Level 1 of the Depths
 70740 | Depths:1 | Found a shattered altar of Ashenzari.
 70866 | Depths:1 | Found Miketom's Antique Armour Emporium.
 70866 | Depths:1 | Found Ymow's Weapon Shoppe.
 71469 | Depths:2 | Found a one-way gate to the infinite horrors of the Abyss.
 71493 | Depths:2 | Reached skill level 27 in Invocations
 72444 | Depths:2 | Found the +7 pair of quick blades "Gyre" and "Gimble"
                  | {protect}
 72748 | Depths:3 | Noticed Boris
 72766 | Depths:3 | Killed Boris
 73544 | Depths:3 | Found a one-way gate leading to the halls of Pandemonium.
 74195 | Depths:4 | Found a glowing golden altar of the Shining One.
 74408 | Depths:4 | Found a gateway to a ziggurat.
 74615 | Depths:4 | Found Juw Niky's Book Emporium.
 74703 | Depths:5 | Entered Level 5 of the Depths
 74715 | Depths:5 | Noticed a juggernaut
 74723 | Depths:5 | Killed a juggernaut
 74877 | Depths:5 | Identified the Collected Works on Darkness
 74929 | Depths:5 | Identified Dispater's Reference Book on the Entourage
 74994 | Depths:5 | Reached skill level 27 in Fighting
 75192 | Depths:5 | Identified the Collected Works on Transmutation
 75377 | Depths:5 | Found a gate to the Realm of Zot.
 75627 | Depths:5 | Found a corrupted altar of Lugonu.
 75697 | Depths:5 | Identified the Reference Book on Heat
 76235 | Zig:1    | Entered Level 1 of a ziggurat
 76271 | Zig:2    | Entered Level 2 of a ziggurat
 76276 | Zig:2    | Paralysed by a floating eye for 4 turns
 76365 | Zig:3    | Entered Level 3 of a ziggurat
 76466 | Zig:4    | Entered Level 4 of a ziggurat
 76640 | Zig:4    | Lost mutation: You are clumsy. (Dex -2) [potion of
                  | mutation]
 76640 | Zig:4    | Lost mutation: Your magical capacity is low. (-10% MP)
                  | [potion of mutation]
 76640 | Zig:4    | Lost mutation: Your body sometimes deteriorates upon taking
                  | damage. [potion of mutation]
 76740 | Zig:5    | Entered Level 5 of a ziggurat
 76781 | Zig:5    | Identified the +1 helmet of Quantum Leap {rC+ MR+ Str-5
                  | Slay+2} (You acquired it on level 5 of a ziggurat)
 76901 | Zig:6    | Entered Level 6 of a ziggurat
 76905 | Zig:6    | Noticed Pamych the pandemonium lord
 76921 | Zig:6    | Killed Pamych the pandemonium lord
 76948 | Zig:6    | Got a smoking marble ring
 76953 | Zig:6    | Identified the ring of Jiafotow {rF++ rC+} (You found it on
                  | level 6 of a ziggurat)
 76989 | Zig:7    | Entered Level 7 of a ziggurat
 76995 | Zig:7    | Noticed a juggernaut
 76997 | Zig:7    | Found the +11 plutonium sword {*Contam Stlth-}
 77023 | Zig:7    | Killed a juggernaut
 77059 | Zig:8    | Entered Level 8 of a ziggurat
 77068 | Zig:8    | Noticed Jemopsem the pandemonium lord
 77082 | Zig:8    | Killed Jemopsem the pandemonium lord
 77083 | Zig:8    | Gained mutation: Your spells are a little easier to cast,
                  | but a little less powerful. [a cacodemon]
 77095 | Zig:8    | Got a smoking brass ring
 77100 | Zig:8    | Got a jewelled great sword
 77104 | Zig:8    | Identified the cursed ring "Lyoderya" {MR- Dex+6 Slay-3}
                  | (You found it on level 8 of a ziggurat)
 77109 | Zig:9    | Entered Level 9 of a ziggurat
 77120 | Zig:9    | Found the +4 moon troll leather armour {Spirit, Regen++
                  | MP+5}
 77156 | Zig:9    | Identified Zofon's Disquisition on Envenoming and the
                  | Mountains
 77161 | Zig:10   | Entered Level 10 of a ziggurat
 77214 | Zig:10   | Got a sparkling brass ring
 77233 | Zig:10   | Identified the ring of Music {rC+ MP+9 Slay+2} (You found
                  | it on level 10 of a ziggurat)
 77241 | Zig:11   | Entered Level 11 of a ziggurat
 77256 | Zig:11   | Noticed Avosinaf the pandemonium lord
 77283 | Zig:11   | Killed Avosinaf the pandemonium lord
 77345 | Zig:12   | Entered Level 12 of a ziggurat
 77354 | Zig:12   | Noticed an ancient lich
 77355 | Zig:12   | Noticed an ancient lich
 77357 | Zig:12   | Noticed an ancient lich
 77361 | Zig:12   | Killed an ancient lich
 77365 | Zig:12   | Killed an ancient lich
 77367 | Zig:12   | Killed an ancient lich
 77381 | Zig:12   | Identified the Collected Works on Displaced Necromancy
 77392 | Zig:12   | Identified the Compendium of Toxins and Transmigration
 77407 | Zig:13   | Entered Level 13 of a ziggurat
 77427 | Zig:13   | Paralysed by accursed screaming for 2 turns
 77511 | Zig:14   | Entered Level 14 of a ziggurat
 77521 | Zig:14   | Noticed Gouqycas the pandemonium lord
 78080 | D:7      | Bought a scroll of identify for 26 gold pieces
 78080 | D:7      | Bought a scroll of identify for 26 gold pieces
 78080 | D:7      | Bought a scroll of enchant armour for 97 gold pieces
 78080 | D:7      | Bought a scroll of identify for 26 gold pieces
 78080 | D:7      | Bought a scroll of teleportation for 39 gold pieces
 78080 | D:7      | Bought 3 scrolls of fog for 78 gold pieces
 78238 | Orc:2    | Bought a potion of invisibility for 96 gold pieces
 78238 | Orc:2    | Bought a scroll of enchant armour for 90 gold pieces
 78238 | Orc:2    | Bought a scroll of identify for 24 gold pieces
 78238 | Orc:2    | Bought a ration for 60 gold pieces
 78238 | Orc:2    | Bought a scroll of fog for 24 gold pieces
 78550 | Pan      | Entered Pandemonium
 79122 | Pan      | Got a pitted cloak
 79147 | Pan      | Reached skill level 15 in Dodging
 79149 | Pan      | Identified the +0 cloak "Damnable Contraption" {Str+2
                  | Dex+3} (You found it in Pandemonium)
 79289 | Pan      | Gained mutation: You are weak. (Str -2) [a neqoxec]
 79804 | Pan      | Entered the realm of Lom Lobon.
 79812 | Pan      | Found an exit through the horrors of the Abyss.
 80170 | Pan      | Noticed Lom Lobon
 80543 | Pan      | Killed Lom Lobon
 80632 | Pan      | Got a magical rune of Zot
 80741 | Pan      | Noticed Zosimmemor the pandemonium lord
 80765 | Pan      | Killed Zosimmemor the pandemonium lord
 80897 | Pan      | Found a glowing silver altar of Zin.
 81293 | Pan      | Reached skill level 27 in Armour
 81327 | Pan      | Noticed a seraph
 81775 | Pan      | Identified the ring of Xekome {+Inv rC+ Stlth-}
 81895 | Pan      | Identified the ring of the Sun {+Fly rN+++ MR+ Dex-4
                  | Slay-3}
 81928 | Pan      | Killed a seraph
 81948 | Pan      | Found a glowing golden altar of the Shining One.
 81960 | Pan      | Identified the Almanac of Shifting Cold
 81971 | Pan      | Got a demonic rune of Zot
 82318 | Pan      | Entered the realm of Mnoleg.
 82353 | Pan      | Paralysed by a floating eye for 2 turns
 82359 | Pan      | Paralysed by a floating eye for 2 turns
 82381 | Pan      | Gained mutation: You are dopey. (Int -2) [a cacodemon]
 82399 | Pan      | Noticed Mnoleg
 82430 | Pan      | Killed Mnoleg
 82446 | Pan      | Paralysed by a floating eye for 4 turns
 82495 | Pan      | Got a glowing rune of Zot
 82633 | Pan      | Found an exit through the horrors of the Abyss.
 82917 | Pan      | Noticed Tompihiw the pandemonium lord
 82943 | Pan      | Killed Tompihiw the pandemonium lord
 83090 | Pan      | Noticed Naresuin the pandemonium lord
 83101 | Pan      | Killed Naresuin the pandemonium lord
 83291 | Pan      | Noticed Tebod the pandemonium lord
 83311 | Pan      | Killed Tebod the pandemonium lord
 83856 | Pan      | Entered the realm of Gloorx Vloq.
 83979 | Pan      | Noticed Gloorx Vloq
 84002 | Pan      | Killed Gloorx Vloq
 84005 | Pan      | Reached skill level 27 in Shields
 84048 | Pan      | Got a dark rune of Zot
 84294 | Pan      | Entered the realm of Cerebov.
 84535 | Pan      | Identified the +1 plate armour of the Louse {Dex+4} (You
                  | found it in Pandemonium)
 84565 | Pan      | Got a fine golden amulet
 84566 | Pan      | Identified the amulet of Leaves {Acrobat rC+ Dex+5} (You
                  | found it in Pandemonium)
 84653 | Pan      | Identified the +6 sword of Cerebov {flame}
 84653 | Pan      | Noticed Cerebov
 84706 | Pan      | Killed Cerebov
 84744 | Pan      | Got a fiery rune of Zot
 84791 | Pan      | Found an exit through the horrors of the Abyss.
 84912 | Pan      | Noticed Ekkai the pandemonium lord
 84924 | Pan      | Killed Ekkai the pandemonium lord
 85023 | Pan      | Noticed Mennas
 85058 | Pan      | Killed Mennas
 85139 | Pan      | Noticed Apreffeg the pandemonium lord
 85162 | Pan      | Killed Apreffeg the pandemonium lord
 85311 | Pan      | Identified the +1 leather armour of Sebuze {rPois rN+++
                  | Dex-5 Stlth+}
 85729 | Depths:3 | Escaped Pandemonium
 86076 | D:5      | Bought the ring of the Stag {Str+10 Dex+4 Stlth-} for 4390
                  | gold pieces
 86528 | D:12     | You paid a toll of the ring of the Stag to enter a treasure
                  | trove
 86529 | Trove    | Entered a treasure trove
 86556 | Trove    | Identified Naole's Volume of Darkness and Bewitchment
 86633 | D:12     | Lost mutation: You are dopey. (Int -2) [potion of mutation]
 86633 | D:12     | Lost mutation: You are weak. (Str -2) [potion of mutation]
 86633 | D:12     | Lost mutation: Your spells are a little easier to cast, but
                  | a little less powerful. [potion of mutation]
 86633 | D:12     | Gained mutation: Scrolls take you a little longer to read.
                  | [potion of mutation]
 86644 | D:12     | Upgraded the game from 0.24.0-1-gfbc8707122 to
                  | 0.24.0-2-g5b39cebb1c
 86803 | Orc:2    | Bought the +1 cloak of Starlight {rElec rC+ EV+4 Stlth--}
                  | for 534 gold pieces
 86803 | Orc:2    | Found the +1 cloak of Starlight {rElec rC+ EV+4 Stlth--}
 87125 | Dis:1    | Entered Level 1 of the Iron City of Dis
 87342 | Dis:1    | Gained mutation: You are dopey. (Int -2) [mutagenic glow]
 87374 | Dis:1    | Gained mutation: Scrolls take you longer to read.
                  | [mutagenic glow]
 87740 | Dis:4    | You are sucked into a shaft and drop 2 floors!
 87886 | Dis:7    | Entered Level 7 of the Iron City of Dis
 88273 | Dis:7    | Identified the +4 staff of Dispater
 88273 | Dis:7    | Noticed Dispater
 88293 | Dis:7    | Killed Dispater
 88305 | Dis:7    | Found the +10 zealot's sword {holy, *Rage rN+ EV+3}
 88305 | Dis:7    | Got an iron rune of Zot
 88431 | Dis:7    | Identified Owyboh's Papyrus of Enchantment and the Blaze
 88908 | Crypt:3  | Lost mutation: Scrolls take you longer to read. [potion of
                  | mutation]
 88908 | Crypt:3  | Lost mutation: You are somewhat resistant to further
                  | mutation. [potion of mutation]
 88908 | Crypt:3  | Gained mutation: You are robust. (+10% HP) [potion of
                  | mutation]
 88908 | Crypt:3  | Gained mutation: Your flesh is heat resistant. (rF+)
                  | [potion of mutation]
 88908 | Crypt:3  | Gained mutation: You have sharp toenails. [potion of
                  | mutation]
 88909 | Crypt:3  | Lost mutation: You have a somewhat thin skeletal structure.
                  | (Dex +2, Stealth) [potion of mutation]
 88909 | Crypt:3  | Lost mutation: You have sharp toenails. [potion of
                  | mutation]
 88909 | Crypt:3  | Lost mutation: You are robust. (+10% HP) [potion of
                  | mutation]
 88909 | Crypt:3  | Gained mutation: You are partially covered in yellow
                  | scales. (AC +2) [potion of mutation]
 88909 | Crypt:3  | Gained mutation: You have a pair of small horns on your
                  | head. [potion of mutation]
 88909 | Crypt:3  | Gained mutation: You are covered in fur. (AC +1) [potion of
                  | mutation]
 88909 | Crypt:3  | Gained mutation: You expend magic power (3 MP) to
                  | strengthen your wands. [potion of mutation]
 88910 | Crypt:3  | Lost mutation: Scrolls take you a little longer to read.
                  | [potion of mutation]
 88910 | Crypt:3  | Lost mutation: You are dopey. (Int -2) [potion of mutation]
 88910 | Crypt:3  | Gained mutation: You are agile. (Dex +2) [potion of
                  | mutation]
 88910 | Crypt:3  | Gained mutation: Your flesh is cold resistant. (rC+)
                  | [potion of mutation]
 89106 | Tomb:1   | Entered Level 1 of the Tomb of the Ancients
 89634 | Tomb:1   | Noticed a greater mummy
 89645 | Tomb:1   | Killed a greater mummy
 90016 | Tomb:2   | Noticed a greater mummy
 90016 | Tomb:2   | Noticed a greater mummy
 90017 | Tomb:2   | Noticed a greater mummy
 90017 | Tomb:2   | Noticed a greater mummy
 90018 | Tomb:2   | Noticed a greater mummy
 90206 | Tomb:3   | Entered Level 3 of the Tomb of the Ancients
 90230 | Tomb:3   | Noticed a greater mummy
 90234 | Tomb:3   | Noticed a greater mummy
 90234 | Tomb:3   | Noticed a greater mummy
 90248 | Tomb:3   | Gained mutation: You do not regenerate when monsters are
                  | visible. [a neqoxec]
 90250 | Tomb:3   | Killed a greater mummy
 90250 | Tomb:3   | Noticed a greater mummy
 90254 | Tomb:3   | Killed a greater mummy
 90255 | Tomb:3   | Identified the +0 robe of the Three Queens {Dex+3}
 90257 | Tomb:3   | Killed a greater mummy
 90265 | Tomb:3   | Killed a greater mummy
 90270 | Tomb:3   | Noticed a greater mummy
 90286 | Tomb:3   | Killed a greater mummy
 90381 | Tomb:3   | Noticed a greater mummy
 90388 | Tomb:3   | Killed a greater mummy
 90421 | Tomb:3   | Noticed a greater mummy
 90430 | Tomb:3   | Noticed a greater mummy
 90433 | Tomb:3   | Killed a greater mummy
 90437 | Tomb:3   | Killed a greater mummy
 90510 | Tomb:3   | Got a golden rune of Zot
 90512 | Tomb:3   | Noticed a greater mummy
 90519 | Tomb:3   | Killed a greater mummy
 91192 | Zot:1    | Entered Level 1 of the Realm of Zot
 91356 | Zot:1    | Noticed an orb of fire
 91380 | Zot:1    | Gained mutation: Scrolls take you a little longer to read.
                  | [an orb of fire]
 91387 | Zot:1    | Killed an orb of fire
 92516 | Zot:2    | Lost mutation: You expend magic power (3 MP) to strengthen
                  | your wands. [potion of mutation]
 92516 | Zot:2    | Lost mutation: Scrolls take you a little longer to read.
                  | [potion of mutation]
 92516 | Zot:2    | Lost mutation: You do not regenerate when monsters are
                  | visible. [potion of mutation]
 92516 | Zot:2    | Gained mutation: Your magical capacity is low. (-10% MP)
                  | [potion of mutation]
 92516 | Zot:2    | Gained mutation: You have a pair of horns on your head.
                  | [potion of mutation]
 92590 | Zot:2    | Noticed a juggernaut
 92590 | Zot:2    | a Killer Klown changed into a juggernaut
 92601 | Zot:2    | Killed a juggernaut
 92960 | Zot:2    | Reached skill level 27 in Dodging
 92964 | Zot:2    | Reached skill level 1 in Stealth
 92973 | Zot:2    | Reached skill level 1 in Evocations
 93009 | Zot:2    | Noticed an orb of fire
 93017 | Zot:2    | Gained mutation: Your body sometimes deteriorates upon
                  | taking damage. [an orb of fire]
 93027 | Zot:2    | Killed an orb of fire
 93032 | Zot:2    | Reached skill level 5 in Stealth
 93354 | Zot:2    | Reached skill level 5 in Evocations
 95116 | Zot:4    | Reached skill level 10 in Stealth
 95955 | Zot:4    | Identified the +4 dragonskin cloak
 95955 | Zot:4    | Noticed Tiamat
 95974 | Zot:4    | Reached skill level 10 in Evocations
 96069 | Zot:4    | Killed Tiamat
 96365 | Zot:5    | Entered Level 5 of the Realm of Zot
 96742 | Zot:5    | Noticed an ancient lich
 96766 | Zot:5    | Killed an ancient lich
 96894 | Zot:5    | Noticed an orb of fire
 96895 | Zot:5    | Noticed an orb of fire
 96896 | Zot:5    | Noticed an orb of fire
 96897 | Zot:5    | Gained mutation: You are dopey. (Int -2) [an orb of fire]
 96899 | Zot:5    | Reached skill level 15 in Stealth
 96900 | Zot:5    | Lost mutation: Your magical capacity is low. (-10% MP) [an
                  | orb of fire]
 96908 | Zot:5    | Gained mutation: You are very dopey. (Int -4) [an orb of
                  | fire]
 96911 | Zot:5    | Killed an orb of fire
 96913 | Zot:5    | Gained mutation: Potions are less effective at restoring
                  | your health. [an orb of fire]
 96914 | Zot:5    | Noticed an orb of fire
 96916 | Zot:5    | Gained mutation: Your body often deteriorates upon taking
                  | damage. [an orb of fire]
 96927 | Zot:5    | Gained mutation: Armour fits poorly on your strangely
                  | shaped body. [an orb of fire]
 96931 | Zot:5    | Gained mutation: Scrolls take you a little longer to read.
                  | [an orb of fire]
 97057 | Zot:5    | Lost mutation: Armour fits poorly on your strangely shaped
                  | body. [potion of mutation]
 97057 | Zot:5    | Lost mutation: Your flesh is heat resistant. (rF+) [potion
                  | of mutation]
 97057 | Zot:5    | Lost mutation: You have a pair of horns on your head.
                  | [potion of mutation]
 97057 | Zot:5    | Lost mutation: Your flesh is cold resistant. (rC+) [potion
                  | of mutation]
 97057 | Zot:5    | Gained mutation: You have sharp toenails. [potion of
                  | mutation]
 97061 | Zot:5    | Lost mutation: Your body often deteriorates upon taking
                  | damage. [potion of mutation]
 97061 | Zot:5    | Lost mutation: You are very dopey. (Int -4) [potion of
                  | mutation]
 97061 | Zot:5    | Lost mutation: You have a pair of small horns on your head.
                  | [potion of mutation]
 97061 | Zot:5    | Lost mutation: You are covered in fur. (AC +1) [potion of
                  | mutation]
 97061 | Zot:5    | Gained mutation: You are partially covered in iridescent
                  | scales. (AC +2) [potion of mutation]
 97061 | Zot:5    | Gained mutation: You have a somewhat thin skeletal
                  | structure. (Dex +2, Stealth) [potion of mutation]
 97147 | Zot:5    | Noticed an orb of fire
 97147 | Zot:5    | Noticed an ancient lich
 97159 | Zot:5    | Noticed an ancient lich
 97160 | Zot:5    | Noticed an orb of fire
 97160 | Zot:5    | Gained mutation: Armour fits poorly on your strangely
                  | shaped body. [an orb of fire]
 97161 | Zot:5    | Noticed an orb of fire
 97162 | Zot:5    | Noticed an orb of fire
 97162 | Zot:5    | Gained mutation: You are frail. (-10% HP) [an orb of fire]
 97163 | Zot:5    | Noticed an orb of fire
 97165 | Zot:5    | Noticed an orb of fire
 97168 | Zot:5    | Killed an ancient lich
 97172 | Zot:5    | Gained mutation: Scrolls take you longer to read. [an orb
                  | of fire]
 97174 | Zot:5    | Gained mutation: You are very dopey. (Int -4) [an orb of
                  | fire]
 97180 | Zot:5    | Killed an ancient lich
 97181 | Zot:5    | Gained mutation: You occasionally shout uncontrollably at
                  | your foes. [an orb of fire]
 97184 | Zot:5    | Killed an orb of fire
 97214 | Zot:5    | Gained mutation: Your magical capacity is low. (-10% MP)
                  | [an orb of fire]
 97224 | Zot:4    | Gained mutation: You are weak. (Str -2) [an orb of fire]
 97227 | Zot:4    | Killed an orb of fire
 97238 | Zot:4    | Lost mutation: You are partially covered in iridescent
                  | scales. (AC +2) [an orb of fire]
 97239 | Zot:4    | Gained mutation: Your magical capacity is very low. (-20%
                  | MP) [an orb of fire]
 97242 | Zot:4    | Gained mutation: You are very frail. (-20% HP) [an orb of
                  | fire]
 97247 | Zot:4    | Killed an orb of fire
 97257 | Zot:4    | Killed an orb of fire
 97273 | Zot:4    | Killed an orb of fire
 97546 | Zot:4    | Lost mutation: You are very frail. (-20% HP) [potion of
                  | mutation]
 97546 | Zot:4    | Lost mutation: Your magical capacity is very low. (-20% MP)
                  | [potion of mutation]
 97546 | Zot:4    | Lost mutation: Scrolls take you longer to read. [potion of
                  | mutation]
 97546 | Zot:4    | Lost mutation: You are frail. (-10% HP) [potion of
                  | mutation]
 97547 | Zot:4    | Lost mutation: You are very dopey. (Int -4) [potion of
                  | mutation]
 97547 | Zot:4    | Lost mutation: You are dopey. (Int -2) [potion of mutation]
 97547 | Zot:4    | Gained mutation: You passively map a small area around you.
                  | [potion of mutation]
 97547 | Zot:4    | Gained mutation: You are surrounded by a mild repulsion
                  | field. (EV +2) [potion of mutation]
 97563 | Zot:5    | Gained mutation: You tend to lose your temper in combat.
                  | [an orb of fire]
 97565 | Zot:5    | Killed an orb of fire
 97762 | Zot:5    | Lost mutation: You are agile. (Dex +2) [an orb of fire]
 97763 | Zot:5    | Gained mutation: Your spells are a little easier to cast,
                  | but a little less powerful. [an orb of fire]
 97778 | Zot:5    | Gained mutation: Scrolls take you longer to read. [an orb
                  | of fire]
 97779 | Zot:5    | Killed an orb of fire
 97824 | Zot:5    | Killed an orb of fire
 98114 | Zot:5    | Reached skill level 15 in Evocations
 98141 | Zot:5    | Killed an orb of fire
 98147 | Zot:5    | Got the Orb of Zot
 98162 | Zot:5    | Noticed Geutadeng the pandemonium lord
 98171 | Zot:5    | Gained mutation: Scrolls take you much longer to read. [a
                  | neqoxec]
 98176 | Zot:5    | Gained mutation: Your body often deteriorates upon taking
                  | damage. [a neqoxec]
 98177 | Zot:5    | Killed Geutadeng the pandemonium lord
 98178 | Zot:5    | Gained mutation: You are frail. (-10% HP) [a neqoxec]
 98450 | Depths:3 | Noticed Noruecle the pandemonium lord
 98461 | Depths:3 | Killed Noruecle the pandemonium lord
 98463 | Depths:3 | Noticed Bios the pandemonium lord
 98478 | Depths:3 | Killed Bios the pandemonium lord
 98580 | Depths:1 | Gained mutation: You are dopey. (Int -2) [a neqoxec]
 98582 | Depths:1 | Noticed Laogash the pandemonium lord
 98599 | Depths:1 | Killed Laogash the pandemonium lord
 98752 | D:12     | Noticed Moboty the pandemonium lord
 98777 | D:11     | Killed Moboty the pandemonium lord
 98868 | D:9      | Noticed Utaful the pandemonium lord
 98892 | D:9      | Killed Utaful the pandemonium lord
 98937 | D:7      | Noticed Ywang the pandemonium lord
 98961 | D:6      | Killed Ywang the pandemonium lord
 99042 | D:$      | Escaped with the Orb!

Levels and vault maps discovered:
D:1:      psy_arrival_spokes, layout_rooms, minivault_5, minmay_tromino_i4
D:2:      layout_rooms, minitemple, uniq_crazy_yiuf_cottage
D:3:      layout_basic, uniq_terence, uniq_robin, uniq_jessica
D:4:      layout_gridville, first_ration, lightli_ossuary_entry_decrepit_ruins,
          minmay_shop_damaged
D:5:      minmay_angry_zag, layout_loops_cross, nicolae_gozag_zags_fifth_avenue,
          uniq_ijyb
D:6:      layout_gridville, serial_shops,
          nicolae_shop_competitors_out_of_business, basic_altar,
          serial_bayou_pond_c, guppyfry_shop_venom
D:7:      layout_gridville, minmay_temple_entry_overgrown, serial_shops, shop,
          uniq_joseph
D:8:      layout_basic
D:9:      layout_stronghold, lemuel_round_altar,
          grunt_temple_overflow_order_and_chaos_2, due_lair_maze_entry_diamond,
          zombieorc2_lemuel, grunt_ministairs_11, uniq_harold
D:10:     minmay_ornate_pinched, layout_irregular_city, serial_shops,
          nicolae_shop_crystal, hangedman_fish_farm, uniq_gastronok
D:11:     layout_roguey
D:12:     statuecave_lemuel, layout_small_grid,
          nicolae_trove_entry_path_of_doom, kennysheep_nondescript, uniq_sonja
D:13:     layout_grid_maze, ximxim_vaults_locker_room,
          portal_ice_cave_entry_ice_beasts, uniq_maurice
D:14:     layout_rooms, hangedman_glass_teeth, kennysheep_potato
D:15:     hangedman_depths_entry_civil_slaughter, layout_long_grid,
          grunt_decor_cap, solitary_fountain, nrook_loot_triangle
Lair:1:   gammafunk_lair_enchanted_lake, layout_chaotic_city,
          serial_bayou_pond_a, chequers_serial_rivers_small_b,
          beast_lair_carwin_8, uniq_grum
Lair:2:   beast_lair_carwin_large_3, layout_chaotic_city,
          chequers_serial_rivers_room_a
Lair:3:   layout_layer_cave, bh_autumn_forest_stairs
Lair:4:   layout_small_grid, elwin_shoals_entry_stream, dummy_snake_entry
Lair:5:   layout_loops_ring, slime_altar_2, grunt_megastairs_1
Lair:6:   evil_forest, layout_gridlike, infiniplex_staircase_pool, uniq_rupert
Shoals:1: layout_shoals
Shoals:2: layout_shoals, uniq_polyphemus
Shoals:3: layout_shoals, nicolae_shoals_circle_sea_wall, minmay_shop_mass
Shoals:4: shoals_end_grunt_ice, layout_shoals
Snake:1:  layout_misc_corridors, uniq_roxanne, uniq_aizul, uniq_frances
Snake:2:  layout_onion_interference
Snake:3:  layout_cave_town, uniq_agnes, uniq_azrael
Snake:4:  snake_pit, layout_cave_town, hangedman_snake_thin_pillar_pass,
          uniq_bai_suzhen
Slime:1:  layout_caves
Slime:2:  layout_caves
Slime:3:  layout_caves
Slime:4:  layout_caves
Slime:5
Orc:1:    layout_caves, basic_altar, ebering_ghost_inner_flame, enter_bailey_8
Orc:2:    pubby_orc_utopia
Elf:1:    layout_loops_ring, special_room [special_room_orc],
          minmay_elf_annihilation, grunt_ministairs_3
Elf:2:    layout_loops_cross, serial_shops, shop, patterned_corridor,
          minmay_shop_grove
Elf:3:    elf_hall_gauntlet_narrow, layout_geoelf_castle, grunt_ministairs_3,
          uniq_saint_roka
Vaults:1: grunt_vaults_funneled_arena, ontoclasm_vaults_ring_square,
          nicolae_vaults_three_branches, serial_ice_b, nicolae_vaults_little_ls,
          grunt_vaults_twisty, ontoclasm_vaults_fault, nicolae_vaults_asterisk,
          nicolae_vaults_diagonal_hallway_9, nicolae_vaults_yaktaur_gun_rack,
          vaults_room_corners, ontoclasm_vaults_twist, layout_vaults_omnicross,
          serial_shops, nicolae_shop_temple_entry_statues_fountains
Vaults:2: ontoclasm_vaults_decontamination, minmay_crypt_entry_simple_box,
          v_misc_28, nicolae_vaults_little_squares_5, vaults_dpeg_cross,
          vaults_room_hallway, vaults_room_hallway, dpeg_vaults_monster_box,
          layout_vaults_omnigrid, uniq_jory
Vaults:3: nicolae_vaults_network_quinsquares
          [nicolae_vaults_network_quincunx_subvault,
          nicolae_vaults_network_quincunx_subvault,
          nicolae_vaults_network_quincunx_subvault,
          nicolae_vaults_network_quincunx_subvault], vaults_room_grid,
          v_misc_23, vaults_mumra_hexcomb, grunt_vaults_trifunnel, v_misc_23,
          hangedman_vaults_hat, nicolae_vaults_ring_of_whatevers,
          nicolae_vaults_network_barrier, vaults_dpeg_diagonal,
          vaults_mumra_hex, layout_vaults_omnibox
Vaults:4: v_misc_11, hangedman_vaults_nodes, vaults_standard_mumra_lines,
          hangedman_vaults_locks, ontoclasm_vaults_claustrophobia,
          nicolae_vaults_disjoint_gnomons, v_misc_30, v_misc_14,
          nicolae_vaults_specimen_jars, vaults_mumra_chevron,
          grunt_vaults_hallway_short, v_misc_24, grunt_vaults_hallway_short,
          ontoclasm_vaults_pinch, layout_vaults_maze_snakey, serial_shops,
          shop_statue, uniq_donald
Vaults:5: serial_shops
Crypt:1:  layout_chaotic_city, minivault_14
Crypt:2:  layout_misc_corridors, uniq_boris, uniq_frederick
Crypt:3:  quadcrypt_mu, uniq_margery
Tomb:1
Tomb:2
Tomb:3
Depths:1: layout_long_grid, hangedman_decor_growths, pf_coc_iceberg,
          nicolae_wwwww, nicolae_ashenzari_panopticon, minmay_shoptagon
Depths:2: kennysheep_cluttered_fort, layout_gridlike, hell_entry,
          nrook_mini_backslash, abyss_entry, minmay_multi_spiral
Depths:3: minmay_ambush_box, layout_gridlike, hell_entry, abyss_entry_crystal,
          rand_demon_pan_entry_4, infiniplex_staircase_pool_lava
Depths:4: abrahamwl_protected_by_tso_2, layout_cave_shapes, enter_ziggurat_b,
          serial_shops, shop, abyss_entry, minmay_misc_feat_four_crosses,
          hellmouth_3
Depths:5: grunt_zot_entry_tricorne, layout_small_grid,
          serial_hangedman_research, hangedman_research_convocations,
          hangedman_research_thanatology, hangedman_research_metamorphosis,
          hangedman_research_pyrotechnics, abyss_entry_flame_altar,
          nicolae_water_bricks, grunt_hell_entry_dis_grunt, evilmike_butchery,
          serial_bayou_shore_b
Hell
Dis:1:    layout_gridville
Dis:2:    layout_overlapping_boxes
Dis:3:    layout_regular_city, grunt_megastairs_2
Dis:4:    layout_regular_city
Dis:6:    layout_regular_city
Dis:7:    dis_grunt_layers
Geh:1:    layout_gehenna_pools_basic, lemuel_old_faithful
Geh:2:    layout_gehenna_pools_triple, grunt_megastairs_3
Geh:3:    layout_gehenna_pools_triple, lemuel_flamethrower_3
Geh:4:    layout_gehenna_pools_box, special_room [special_room_morgue]
Geh:5:    layout_gehenna_lava_caves
Geh:6:    layout_gehenna_pools_basic
Geh:7:    geh_hangedman
Coc:1:    layout_ice_bergs
Coc:2:    layout_cocytus_water_paths
Coc:3:    layout_ice_bergs
Coc:4:    layout_cocytus_water_paths
Coc:5:    layout_ice_bergs
Coc:6:    layout_cocytus_water_paths
Coc:7:    coc_hangedman
Tar:1:    layout_honeycomb, nicolae_tar_cuneiform_heaven
Tar:2:    layout_cathedral_of_symmetry
Tar:3:    layout_grid_maze, evilmike_ambush [evilmike_ambush_outer_pillars,
          evilmike_ambush_inner_pond]
Tar:4:    layout_catacombs, door_vault
Tar:5:    layout_honeycomb
Tar:6:    layout_honeycomb
Tar:7:    tar_mu [tar_mu_maze]
Zot:1:    layout_cathedral_of_symmetry, lemuel_lake_of_fire
Zot:2:    grunt_deathspiral_small, layout_cathedral_of_symmetry, st_stairs_5,
          grunt_ministairs_12, lemuel_elevator
Zot:3:    layout_concentric_octagons
Zot:4:    layout_concentric_octagons, uniq_tiamat
Zot:5:    layout_gridlike

Skill      XL: |  1  2  3  4  5  6  7  8  9 10 11 12 13 14 15 16 17 18 19 20 21 22 23 24 25 26 27 |
---------------+----------------------------------------------------------------------------------+-----
Maces & Flails | 3 4 5 6 7 9 11 13 15 16 17 18 19 20 21 22 23 24 25 26 27 | 27.0
Fighting       | 6 10 12 13 14 16 17 18 19 20 21 22 27 | 27.0
Armour         | 5 7 8 10 11 12 13 14 15 16 17 18 27 | 27.0
Invocations    | 4 6 8 9 10 11 12 13 14 16 17 18 19 20 27 | 27.0
Shields        | 4 6 8 9 10 11 12 13 14 15 16 27 | 27.0
Dodging        | 27 | 27.0
Stealth        | 20 | 20.4
Evocations     | 16 | 16.4

Action                   |  1- 3 |  4- 6 |  7- 9 | 10-12 | 13-15 | 16-18 | 19-21 | 22-24 | 25-27 || total
-------------------------+-------+-------+-------+-------+-------+-------+-------+-------+-------++-------
Melee: Flail             |   112 |   186 |   313 |       |       |       |   104 |       |       ||   715
       Demon whip        |       |       |    71 |  1312 |  1712 |  1826 |   924 |       |       ||  5845
       Eveningstar       |       |       |       |       |       |       |   837 |       |       ||   837
       Sacred scourge    |       |       |       |       |       |       |   149 |  1397 |  9710 || 11256
       Headbutt          |       |       |       |       |       |       |       |       |   507 ||   507
Invok: Heroism           |       |       |     1 |     7 |     8 |     7 |     5 |       |       ||    28
       Finesse           |       |       |       |       |     2 |     3 |     3 |       |       ||     8
       Cleansing Flame   |       |       |       |       |       |       |    57 |    91 |   416 ||   564
       Divine Shield     |       |       |       |       |       |       |     2 |     5 |    15 ||    22
       Brand Weapon With |       |       |       |       |       |       |     1 |       |       ||     1
       Summon Divine War |       |       |       |       |       |       |       |     1 |     4 ||     5
 Abil: Fly               |       |       |       |       |     4 |     1 |     1 |     2 |     9 ||    17
       Stop Flying       |       |       |       |       |     4 |       |     1 |     3 |     9 ||    17
Evoke: Wand              |       |       |       |       |       |       |     3 |       |       ||     3
  Use: Scroll            |       |     7 |     6 |    20 |    17 |    12 |    16 |     1 |    61 ||   140
       Potion            |       |     1 |       |     1 |     1 |     1 |    20 |     4 |    32 ||    60
 Stab: Petrified         |       |       |       |       |     1 |       |       |       |       ||     1
  Eat: Ration            |       |     2 |     3 |     8 |     9 |     7 |    15 |     9 |    59 ||   112
       Chunk             |       |       |     2 |     1 |     9 |     5 |     1 |       |    41 ||    59
Armor: Scale mail        |   101 |   148 |    83 |       |       |       |       |       |       ||   332
       Chain mail        |       |       |   174 |   869 |   686 |       |       |       |       ||  1729
       Gold dragon scale |       |       |       |       |   242 |  1035 |  1734 |   796 |  4039 ||  7846
Dodge: Dodged            |    62 |    66 |    85 |   244 |   303 |   121 |   230 |    97 |  2296 ||  3504
Block: Shield            |    86 |   131 |   197 |   604 |   666 |   201 |       |       |  1503 ||  3388
       Large shield      |       |       |       |       |       |   939 |  2085 |  1056 |  7030 || 11110
       Reflection        |       |       |       |       |       |       |       |       |   197 ||   197
